PCL
LAS VEGAS STARS @ SAN JOSE MISSIONS
06/12/2025
 
TOP OF THE 1ST
Las Vegas Stars batting - Pitching for San Jose Missions : RHP Luis Ortíz
Pitching: RHP Luis Ortíz
Batting: LHB Eliot Helen 0-0: Ball
1-0: SINGLE (Line Drive, 6MD)
Batting: LHB Mike Mitchell 0-0: Called Strike
0-1: Ball
1-1: Foul Ball, location: 2F
1-2: Ball
2-2: Ball
3-2: Foul Ball, location: 2F
3-2: Foul Ball, location: 2F
3-2: Base on Balls
Eliot Helen to second
Batting: RHB William Richardson 0-0: Ball
1-0: Foul Ball, location: 2F
1-1: Foul Ball, location: 2F
1-2: Ball
2-2: Foul Ball, location: 2F
2-2: Ball
3-2: SINGLE (Line Drive, 5L)
Eliot Helen to third
Mike Mitchell to second
Batting: SHB Sloan James 0-0: Swinging Strike
0-1: Ball
1-1: Swinging Strike
1-2: Fly out, F8 (Flyball, 8RD)
Runner from 3rd tags up, SCORES, no throw
Mike Mitchell to third
Batting: LHB Fernando De La Cruz 0-0: Ball
1-0: Swinging Strike
1-1: Foul Ball, location: 2F
1-2: Foul Ball, location: 2F
1-2: Foul Ball, location: 2F
1-2: Ball
2-2: DOUBLE (Line Drive, 9LS)
Mike Mitchell scores
William Richardson to third
Runner from 3rd tries for Home, throw and OUT!
Batting: RHB Marcos Hernández 0-0: Foul Ball, location: 2F
0-1: Called Strike
0-2: Ball
1-2: Ball
2-2: 2-RUN HOME RUN (Line Drive, 7D), Distance : 401 ft
Batting: LHB Mike Petersen 0-0: Ball
1-0: Foul Ball, location: 2F
1-1: Ball
2-1: Ball
3-1: Base on Balls
Batting: RHB Xin Zhang 0-0: Ball
1-0: Ball
2-0: Ball
3-0: Foul Ball, location: 2F
3-1: Base on Balls
Mike Petersen to second
Batting: RHB Brian George 0-0: Ball
1-0: Ball
2-0: Called Strike
2-1: Fielders Choice at 2nd, 6-4 (Groundball, 6)
Top of the 1st over - 4 run(s), 4 hit(s), 0 error(s), 1 left on base; Las Vegas 4 - San Jose 0
BOTTOM OF THE 1ST
San Jose Missions batting - Pitching for Las Vegas Stars : RHP Tim Harmon
Pitching: RHP Tim Harmon
Batting: RHB Peyton Pennington 0-0: Called Strike
0-1: Bunt missed!
0-2: Foul Ball, location: 2F
0-2: Ball
1-2: Ball
2-2: Strikes out swinging
Batting: RHB Kyle Williams 0-0: Bunt for hit - play at first, batter OUT! 1-3
Batting: RHB Jorge Comacho 0-0: Foul Ball, location: 2F
0-1: Foul Ball, location: 2F
0-2: Ball
1-2: Ball
2-2: SINGLE (Line Drive, 8LS)
Batting: LHB Arturo Rivera 0-0: Ball
1-0: Ball
2-0: Ball
3-0: Base on Balls
Jorge Comacho to second
Batting: LHB Raúl García 0-0: Ball
1-0: SINGLE (Line Drive, 56D)
Jorge Comacho to third
Arturo Rivera to second
Batting: RHB Dave Wookey 0-0: Ball
1-0: Called Strike
1-1: Ball
2-1: Fly out, F8 (Line Drive, 8LM)
Bottom of the 1st over - 0 run(s), 2 hit(s), 0 error(s), 3 left on base; Las Vegas 4 - San Jose 0
TOP OF THE 2ND
Las Vegas Stars batting - Pitching for San Jose Missions : RHP Luis Ortíz
Batting: LHB Eliot Helen 0-0: Foul Ball, location: 2F
0-1: Ball
1-1: Ball
2-1: Foul Ball, location: 2F
2-2: Ball
3-2: Base on Balls
Batting: LHB Mike Mitchell 0-0: SINGLE (Line Drive, 89S)
Eliot Helen to second
Eliot Helen to third
Batting: RHB William Richardson 0-0: Called Strike
0-1: Swinging Strike
0-2: Ball
1-2: Ball
2-2: Fly out, F9 (Flyball, 9LM)
Runner from 3rd tags up, SCORES, throw made
Batting: SHB Sloan James 0-0: Ball
Mike Mitchell is caught stealing 2nd base
1-0: Ball
2-0: Ball
3-0: Base on Balls
Batting: LHB Fernando De La Cruz 0-0: Called Strike
0-1: Called Strike
0-2: Ball
1-2: Foul Ball, location: 2F
1-2: SINGLE (Groundball, 34)
Sloan James to second
Batting: RHB Marcos Hernández 0-0: Ball
1-0: SINGLE (Flyball, 8LS)
Sloan James to third
Fernando De La Cruz to second
Runner from 3rd tries for Home, SAFE, no throw or cutoff
Batting: LHB Mike Petersen 0-0: Called Strike
0-1: Ball
1-1: Ball
2-1: Swinging Strike
2-2: Strikes out looking
Top of the 2nd over - 2 run(s), 3 hit(s), 0 error(s), 2 left on base; Las Vegas 6 - San Jose 0
BOTTOM OF THE 2ND
San Jose Missions batting - Pitching for Las Vegas Stars : RHP Tim Harmon
Batting: RHB José Martínez 0-0: Ball
1-0: Ball
2-0: Fly out, F9 (Flyball, 9LM)
Batting: RHB Mike Gordon 0-0: SINGLE (Flyball, 8LS)
Batting: RHB Elliott Rucker 0-0: Ball
1-0: Grounds into double play, 4-6-3 (Groundball, 4)
Bottom of the 2nd over - 0 run(s), 1 hit(s), 0 error(s), 0 left on base; Las Vegas 6 - San Jose 0
TOP OF THE 3RD
Las Vegas Stars batting - Pitching for San Jose Missions : RHP Luis Ortíz
Batting: RHB Xin Zhang 0-0: Called Strike
0-1: Ground out 1-3 (Groundball, 13)
Batting: RHB Brian George 0-0: Ball
1-0: Ball
2-0: Ball
3-0: Base on Balls
Pitching: RHP Mal Park
Batting: LHB Eliot Helen 0-0: Ball
1-0: Ball
2-0: Called Strike
2-1: Foul Ball, location: 2F
2-2: Ball
3-2: Foul Ball, location: 2F
3-2: Base on Balls
Brian George to second
Batting: LHB Mike Mitchell 0-0: Called Strike
0-1: Ball
1-1: SINGLE (Groundball, 56D)
Brian George to third
Eliot Helen to second
Runner from 3rd tries for Home, SAFE, throw made home
Eliot Helen to third
Mike Mitchell to second
Batting: RHB William Richardson 0-0: Foul Ball, location: 2F
0-1: Ball
1-1: Ball
2-1: Ball
3-1: Foul Ball, location: 2F
3-2: Base on Balls
Batting: SHB Sloan James 0-0: Ball
1-0: Ball
2-0: Called Strike
2-1: SINGLE (Groundball, 34D)
Eliot Helen scores
Mike Mitchell to third
William Richardson to second
Runner from 3rd tries for Home, throw and OUT!
Batting: LHB Fernando De La Cruz 0-0: Ball
1-0: Ball
2-0: Called Strike
2-1: Foul Ball, location: 2F
2-2: Ball
3-2: SINGLE (Groundball, 4)
William Richardson to third
Sloan James to second
William Richardson scores
Sloan James to third
Batting: RHB Marcos Hernández 0-0: Ball
1-0: Foul Ball, location: 2F
1-1: Called Strike
1-2: Foul Ball, location: 2F
1-2: Fly out, F8 (Flyball, 8RXD)
Top of the 3rd over - 3 run(s), 3 hit(s), 0 error(s), 2 left on base; Las Vegas 9 - San Jose 0
BOTTOM OF THE 3RD
San Jose Missions batting - Pitching for Las Vegas Stars : RHP Tim Harmon
Batting: RHB Peyton Pennington 0-0: Called Strike
0-1: Ball
1-1: Ball
2-1: Bunt for hit - play at first, batter OUT! 1-3
Batting: RHB Kyle Williams 0-0: Foul Ball, location: 2F
0-1: Ball
1-1: Ball
2-1: Swinging Strike
2-2: SINGLE (Groundball, 4M)
Batting: RHB Jorge Comacho 0-0: Called Strike
0-1: Hit by Pitch
Kyle Williams to second
Batting: LHB Arturo Rivera 0-0: Foul Ball, location: 2F
0-1: Foul Ball, location: 2F
0-2: Strikes out swinging
Batting: LHB Raúl García 0-0: Called Strike
0-1: DOUBLE (Flyball, 78D)
Kyle Williams scores
Jorge Comacho to third
Runner from 3rd tries for Home, SAFE, no throw or cutoff
Batting: RHB Dave Wookey 0-0: Ball
1-0: Ball
2-0: Swinging Strike
2-1: Foul Ball, location: 2F
2-2: SINGLE (Groundball, 56D)
Raúl García to third
Runner from 3rd tries for Home, SAFE, no throw or cutoff
Batting: RHB José Martínez 0-0: Ball
1-0: DOUBLE (Flyball, 8RXD)
Dave Wookey to third
Runner from 3rd tries for Home, throw and OUT!
Bottom of the 3rd over - 3 run(s), 4 hit(s), 0 error(s), 1 left on base; Las Vegas 9 - San Jose 3
TOP OF THE 4TH
Las Vegas Stars batting - Pitching for San Jose Missions : RHP Mal Park
Batting: LHB Mike Petersen 0-0: Called Strike
0-1: Swinging Strike
0-2: Ball
1-2: Foul Ball, location: 2F
1-2: Ball
2-2: Ball
3-2: Base on Balls
Batting: RHB Xin Zhang 0-0: Ball
1-0: Ball
2-0: Ball
3-0: Called Strike
3-1: Foul Ball, location: 2F
3-2: Base on Balls
Mike Petersen to second
Batting: RHB Brian George 0-0: Called Strike
0-1: Swinging Strike
0-2: Ball
1-2: Foul Ball, location: 2F
1-2: Foul Ball, location: 2F
1-2: Ball
2-2: Ball
3-2: Fly out, F8 (Flyball, 8RS)
Pitching: RHP Paul Lewis
Batting: LHB Eliot Helen 0-0: Ball
1-0: Ball
2-0: Ground out 5-3 (Groundball, 56S)
Mike Petersen to third
Xin Zhang to second
Batting: LHB Mike Mitchell 0-0: Foul Ball, location: 2F
0-1: Ball
1-1: Swinging Strike
1-2: Foul Ball, location: 2F
1-2: Ball
2-2: Foul Ball, location: 2F
2-2: Ball
3-2: Ground out U3 (Groundball, 3)
Top of the 4th over - 0 run(s), 0 hit(s), 0 error(s), 2 left on base; Las Vegas 9 - San Jose 3
BOTTOM OF THE 4TH
San Jose Missions batting - Pitching for Las Vegas Stars : RHP Tim Harmon
Batting: RHB Mike Gordon 0-0: Ball
1-0: Called Strike
1-1: Reached on error, E5 (Groundball, 56)
Batting: RHB Elliott Rucker 0-0: Called Strike
0-1: Swinging Strike
0-2: Ball
1-2: Strikes out looking
Batting: RHB Peyton Pennington 0-0: Called Strike
0-1: Called Strike
0-2: Ball
1-2: Foul Ball, location: 2F
1-2: Fly out, F6 (Popup, 6MD)
Batting: RHB Kyle Williams 0-0: Foul Ball, location: 2F
0-1: Called Strike
0-2: Ball
1-2: Ball
2-2: Ground out 1-3 (Groundball, 13S)
Bottom of the 4th over - 0 run(s), 0 hit(s), 1 error(s), 1 left on base; Las Vegas 9 - San Jose 3
TOP OF THE 5TH
Las Vegas Stars batting - Pitching for San Jose Missions : RHP Paul Lewis
Batting: RHB William Richardson 0-0: Ball
1-0: Ball
2-0: SINGLE (Line Drive, 6D)
Batting: SHB Sloan James 0-0: Ball
1-0: Ball
2-0: Called Strike
2-1: Foul Ball, location: 2F
2-2: SINGLE (Line Drive, 6MD)
William Richardson to second
Runner from 2nd tries for 3rd, SAFE, throw made to third
Batting: LHB Fernando De La Cruz 0-0: Foul Ball, location: 2F
0-1: Ball
1-1: SINGLE (Groundball, 34)
William Richardson scores
Sloan James to second
Batting: RHB Marcos Hernández 0-0: Called Strike
0-1: Ball
1-1: Ball
2-1: Foul Ball, location: 2F
2-2: Ball
3-2: SINGLE (Groundball, 56D)
Sloan James to third
Fernando De La Cruz to second
Batting: LHB Mike Petersen 0-0: Called Strike
0-1: Ball
1-1: Ball
2-1: Ball
3-1: Base on Balls
Sloan James scores
Fernando De La Cruz to third
Marcos Hernández to second
Batting: RHB Xin Zhang 0-0: Called Strike
0-1: Ball
1-1: Ball
2-1: Foul Ball, location: 2F
2-2: Foul Ball, location: 2F
2-2: Ball
3-2: Base on Balls
Fernando De La Cruz scores
Marcos Hernández to third
Mike Petersen to second
Batting: RHB Brian George 0-0: Ball
1-0: Ball
2-0: Ball
3-0: Base on Balls
Marcos Hernández scores
Mike Petersen to third
Xin Zhang to second
Batting: LHB Eliot Helen 0-0: Ball
1-0: Called Strike
1-1: Ball
2-1: Ball
3-1: Base on Balls
Mike Petersen scores
Xin Zhang to third
Brian George to second
Batting: LHB Mike Mitchell 0-0: Ball
1-0: Ball
2-0: Called Strike
2-1: Ball
3-1: Base on Balls
Xin Zhang scores
Brian George to third
Eliot Helen to second
Batting: RHB William Richardson 0-0: Ball
1-0: Ball
2-0: Called Strike
2-1: SINGLE (Groundball, 6)
Brian George scores
Eliot Helen to third
Mike Mitchell to second
Runner from 3rd tries for Home, SAFE, throw made home
Mike Mitchell to third
William Richardson to second
Batting: SHB Sloan James 0-0: Fly out, F7 (Flyball, 78S)
Batting: LHB Fernando De La Cruz 0-0: Ball
1-0: Ball
Wild Pitch!
Mike Mitchell scores
William Richardson to third
2-0: Swinging Strike
2-1: Fly out, F4 (Line Drive, 4)
Pitching: RHP Francisco Arellano
Batting: RHB Marcos Hernández 0-0: Ball
Wild Pitch!
William Richardson scores
1-0: Ball
2-0: Ball
3-0: Base on Balls
Batting: LHB Mike Petersen 0-0: Ball
1-0: Called Strike
1-1: Swinging Strike
1-2: Strikes out swinging
Top of the 5th over - 10 run(s), 5 hit(s), 0 error(s), 1 left on base; Las Vegas 19 - San Jose 3
BOTTOM OF THE 5TH
San Jose Missions batting - Pitching for Las Vegas Stars : RHP Tim Harmon
Batting: RHB Jorge Comacho 0-0: Ground out 5-3 (Groundball, 5S)
Batting: LHB Arturo Rivera 0-0: Swinging Strike
0-1: SINGLE (Line Drive, 34D)
Batting: LHB Raúl García 0-0: Called Strike
0-1: Ball
1-1: Ball
2-1: Fly out, F4 (Line Drive, 4)
Batting: RHB Dave Wookey 0-0: Ball
1-0: Called Strike
Arturo Rivera steals 2nd base
1-1: SINGLE (Groundball, 56D)
Arturo Rivera to third
Runner from 3rd tries for Home, SAFE, no throw or cutoff
Batting: RHB José Martínez 0-0: Called Strike
0-1: Ground out 5-3 (Groundball, 15S)
Bottom of the 5th over - 1 run(s), 2 hit(s), 0 error(s), 1 left on base; Las Vegas 19 - San Jose 4
TOP OF THE 6TH
Las Vegas Stars batting - Pitching for San Jose Missions : RHP Francisco Arellano
Batting: RHB Xin Zhang 0-0: Called Strike
0-1: Ball
1-1: Swinging Strike
1-2: Foul Ball, location: 2F
1-2: Ball
2-2: Ball
3-2: Ground out 4-3 (Groundball, 4)
Batting: RHB Brian George 0-0: Swinging Strike
0-1: Foul Ball, location: 2F
0-2: DOUBLE (Groundball, 3D)
Batting: LHB Eliot Helen 0-0: Foul Ball, location: 2F
0-1: Ball
1-1: Ball
2-1: Ball
3-1: Base on Balls
Batting: LHB Mike Mitchell 0-0: Called Strike
0-1: Ball
1-1: Ball
2-1: Foul Ball, location: 2F
2-2: Ball
3-2: SINGLE (Groundball, 34S)
Brian George to third
Eliot Helen to second
Pinch Hitting: SHB Alexandre Chabot 0-0: Foul Ball, location: 2F
0-1: Ball
1-1: Ball
2-1: Grounds out, U3 (Groundball, 3L)
Brian George scores
Eliot Helen to third
Batting: SHB Sloan James 0-0: Foul Ball, location: 2F
0-1: Ball
1-1: Ball
2-1: Swinging Strike
2-2: SINGLE (Line Drive, 56)
Eliot Helen scores
Mike Mitchell to third
Runner from 3rd tries for Home, SAFE, no throw or cutoff
Pinch Hitting: LHB Jorge Meléndez 0-0: Ball
1-0: Swinging Strike
1-1: Ground out U3 (Groundball, 3)
Top of the 6th over - 3 run(s), 3 hit(s), 0 error(s), 1 left on base; Las Vegas 22 - San Jose 4
BOTTOM OF THE 6TH
San Jose Missions batting - Pitching for Las Vegas Stars : RHP Tim Harmon
Now at SS: Ryan Campbell
Now in CF: Alexandre Chabot
Batting: RHB Mike Gordon 0-0: Called Strike
0-1: Ball
1-1: Ground out 6-3 (Groundball, 6M)
Batting: RHB Elliott Rucker 0-0: Fly out, F4 (Popup, 34)
Pinch Hitting: RHB Dale Taylor 0-0: Ball
1-0: Ball
2-0: Ball
3-0: Called Strike
3-1: Foul Ball, location: 2F
3-2: Strikes out swinging
Bottom of the 6th over - 0 run(s), 0 hit(s), 0 error(s), 0 left on base; Las Vegas 22 - San Jose 4
TOP OF THE 7TH
Las Vegas Stars batting - Pitching for San Jose Missions : RHP Francisco Arellano
Now at 1B: Dale Taylor
Batting: RHB Marcos Hernández 0-0: Ball
1-0: SINGLE (Groundball, 34D)
Batting: LHB Mike Petersen 0-0: Sac Bunt - play at first, batter OUT! 1-3
Marcos Hernández to second
Batting: RHB Xin Zhang 0-0: Called Strike
0-1: Ball
1-1: Foul Ball, location: 2F
1-2: Ball
2-2: Ball
3-2: SINGLE (Groundball, 5D)
Marcos Hernández to third
Runner from 3rd tries for Home, SAFE, no throw or cutoff
Batting: RHB Brian George 0-0: Swinging Strike
0-1: Swinging Strike
0-2: Foul Ball, location: 2F
0-2: Strikes out swinging
Batting: LHB Eliot Helen 0-0: Called Strike
0-1: Called Strike
0-2: Ball
1-2: Ball
2-2: Fly out, F6 (Popup, 6MD)
Top of the 7th over - 1 run(s), 2 hit(s), 0 error(s), 1 left on base; Las Vegas 23 - San Jose 4
BOTTOM OF THE 7TH
San Jose Missions batting - Pitching for Las Vegas Stars : RHP Tim Harmon
Batting: RHB Kyle Williams 0-0: Ball
1-0: Called Strike
1-1: Ball
2-1: Fly out, F9 (Line Drive, 89M)
Batting: RHB Jorge Comacho 0-0: Ball
1-0: Called Strike
1-1: Foul Ball, location: 2F
1-2: Strikes out swinging
Batting: LHB Arturo Rivera 0-0: Ball
1-0: Ground out U3 (Groundball, 3)
Bottom of the 7th over - 0 run(s), 0 hit(s), 0 error(s), 0 left on base; Las Vegas 23 - San Jose 4
TOP OF THE 8TH
Las Vegas Stars batting - Pitching for San Jose Missions : RHP Francisco Arellano
Pinch Hitting: LHB Jerry Ritchie 0-0: Ball
1-0: Foul Ball, location: 2F
1-1: Ball
2-1: Ball
3-1: Base on Balls
Batting: SHB Alexandre Chabot 0-0: Ball
1-0: SINGLE (Groundball, 6M)
Jerry Ritchie to second
Batting: SHB Sloan James 0-0: Ball
1-0: Ball
2-0: Ball
3-0: Called Strike
3-1: Called Strike
3-2: Foul Ball, location: 2F
3-2: DOUBLE (Flyball, 89XD)
Jerry Ritchie scores
Alexandre Chabot to third
Batting: RHB Ryan Campbell 0-0: Called Strike
0-1: Ball
1-1: Ball
2-1: SINGLE (Flyball, 89S)
Alexandre Chabot scores
Sloan James to third
Pinch Hitting: RHB Matthieu Vancini 0-0: Ball
1-0: Ball
2-0: Called Strike
2-1: Ball
3-1: Grounds into double play, 5-4-3 (Groundball, 56)
Sloan James scores
Batting: LHB Mike Petersen 0-0: SINGLE (Flyball, 7LS)
Batting: RHB Xin Zhang 0-0: Ball
1-0: Called Strike
1-1: Foul Ball, location: 2F
1-2: DOUBLE (Flyball, 89D)
Mike Petersen to third
Batting: RHB Brian George 0-0: Called Strike
0-1: Ball
1-1: Called Strike
1-2: Foul Ball, location: 2F
1-2: Ball
2-2: Ball
3-2: Foul Ball, location: 2F
3-2: Base on Balls
Batting: LHB Eliot Helen 0-0: Ball
1-0: Swinging Strike
1-1: Foul Ball, location: 2F
1-2: Fly out, F6 (Popup, 6MD)
Top of the 8th over - 3 run(s), 5 hit(s), 0 error(s), 3 left on base; Las Vegas 26 - San Jose 4
BOTTOM OF THE 8TH
San Jose Missions batting - Pitching for Las Vegas Stars : RHP Tim Harmon
Pitching: LHP Jeff Catron
Now at 1B: Kyle Bacon
Now in RF: Matthieu Vancini
Batting: LHB Raúl García 0-0: Ball
1-0: Called Strike
1-1: Ball
2-1: Foul Ball, location: 2F
2-2: Strikes out looking
Batting: RHB Dave Wookey 0-0: Ball
1-0: Foul Ball, location: 2F
1-1: Ball
2-1: Swinging Strike
2-2: Strikes out swinging
Pinch Hitting: RHB Ramón Ruíz 0-0: Ball
1-0: Ball
2-0: Ball
3-0: Base on Balls
Batting: RHB Mike Gordon 0-0: Ball
1-0: Ground out 6-3 (Groundball, 6)
Bottom of the 8th over - 0 run(s), 0 hit(s), 0 error(s), 1 left on base; Las Vegas 26 - San Jose 4
TOP OF THE 9TH
Las Vegas Stars batting - Pitching for San Jose Missions : RHP Francisco Arellano
Pitching: RHP Culley Douglas
Now in LF: Chang-geun Kim
Batting: RHB Kyle Bacon 0-0: Called Strike
0-1: Ball
1-1: Ball
2-1: SINGLE (Line Drive, 9LS)
Batting: SHB Alexandre Chabot 0-0: Ball
1-0: Called Strike
1-1: Ball
2-1: Ball
3-1: Fly out, F7 (Flyball, 7LS)
Batting: SHB Sloan James 0-0: Called Strike
0-1: Ball
1-1: Foul Ball, location: 2F
1-2: Foul Ball, location: 2F
1-2: Ball
2-2: DOUBLE (Line Drive, 78D)
Kyle Bacon to third
Batting: RHB Ryan Campbell 0-0: Ball
1-0: Ball
2-0: Ball
3-0: Base on Balls
Batting: RHB Matthieu Vancini 0-0: Ball
1-0: Ball
2-0: Ball
3-0: Called Strike
3-1: Called Strike
3-2: Grounds into fielders choice 1-2 (Groundball, 15S)
Sloan James to third
Ryan Campbell to second
Batting: LHB Mike Petersen 0-0: Ball
1-0: Foul Ball, location: 2F
1-1: SINGLE (Groundball, 3L)
Sloan James scores
Ryan Campbell to third
Matthieu Vancini to second
Runner from 3rd tries for Home, SAFE, no throw or cutoff
Batting: RHB Xin Zhang 0-0: Ball
1-0: Foul Ball, location: 2F
1-1: Foul Ball, location: 2F
1-2: Ball
2-2: Ball
3-2: Base on Balls
Matthieu Vancini to third
Mike Petersen to second
Batting: RHB Brian George 0-0: Fielders Choice at 2nd, U4 (Groundball, 4M)
Top of the 9th over - 2 run(s), 3 hit(s), 0 error(s), 3 left on base; Las Vegas 28 - San Jose 4
BOTTOM OF THE 9TH
San Jose Missions batting - Pitching for Las Vegas Stars : LHP Jeff Catron
Now at C: Okakura Taniguchi
Batting: RHB Elliott Rucker 0-0: Swinging Strike
0-1: Called Strike
0-2: Strikes out looking
Batting: RHB Dale Taylor 0-0: Called Strike
0-1: Ball
1-1: Ball
2-1: SOLO HOME RUN (Flyball, 89XD), Distance : 406 ft
Batting: RHB Kyle Williams 0-0: SINGLE (Groundball, 4D)
Batting: RHB Jorge Comacho 0-0: Called Strike
0-1: Grounds into double play, 6-4-3 (Groundball, 6M)
Bottom of the 9th over - 1 run(s), 2 hit(s), 0 error(s), 0 left on base; Las Vegas 28 - San Jose 5
This league is powered by Out of the Park Baseball, the baseball management simulation game for PC, Mac and Linux
Tuesday, August 2nd, 2016 - OOTP Baseball 16.8 Build 38